 Dungeon Crawl Stone Soup version 0.23-a0-644-gb60d84b (webtiles) character file.

204 Borgoz the Ruffian (level 5, -1/45 HPs)
             Began as a Ghoul Gladiator on Jan 1, 2019.
             Slain by Sigmund
             ... wielding a +0 scythe
              (9 damage)
             ... on level 4 of the Dungeon.
             The game lasted 00:03:30 (2457 turns).

Borgoz the Ruffian (Ghoul Gladiator)                Turns: 2457, Time: 00:03:30

Health: -1/45      AC:  6    Str: 18    XL:     5   Next: 82%
Magic:  6/6        EV: 12    Int:  3    God:
Gold:   172        SH:  0    Dex: 11    Spells: 7/7 levels left

rFire    . . .     SeeInvis .     - Unarmed
rCold    + . .     Gourm    .   (no shield)
rNeg     + + +     Faith    .   n - +0 ring mail
rPois    ∞         Spirit   .   b - +0 helmet
rElec    .         Reflect  .   (no cloak)
rCorr    .         Harm     .   (no gloves)
MR       .....                  (no boots)
Stlth    ..........             (no amulet)
HPRegen  0.00/turn              h - ring of attention (curse)
MPRegen  0.10/turn              (no ring)

@: rotting
A: rotting body, claws 1, carnivore, cold resistance 1, negative energy
resistance 3, inhibited regeneration, torment resistance, unbreathing
a: no special abilities


You were on level 4 of the Dungeon.
You were not hungry.

You visited 1 branch of the dungeon, and saw 4 of its levels.

You collected 172 gold pieces.

Inventory:

Missiles
 c - 3 throwing nets (quivered)
Armour
 b - a +0 helmet (worn)
 j - a +2 pair of gloves
 m - a +0 plate armour of cold resistance
 n - a +0 ring mail (worn)
Jewellery
 a - an uncursed ring of protection from magic {unknown}
 h - a cursed ring of attention (left claw)
Scrolls
 e - a scroll of fear {unknown}
 g - 3 scrolls of remove curse {unknown}
 i - a scroll of random uselessness {unknown}
 k - a scroll of blinking {unknown}
 l - 4 scrolls of identify {unknown}
Comestibles
 d - 10 rations


   Skills:
 + Level 3.4 Fighting
 - Level 1.7 Throwing
 + Level 1.9 Armour
 + Level 3.5 Dodging
 + Level 4.2 Unarmed Combat
 + Level 1.7 Spellcasting


You had 7 spell levels left.
You didn't know any spells.
Your spell library was empty.

Dungeon Overview and Level Annotations

Branches:
Dungeon (4/15)
 Temple: D:4-7

Altars:
Kikubaaqudgha
Nemelex Xobeh
Trog
The Shining One

Annotations:
D:4 Sigmund


Innate Abilities, Weirdness & Mutations

Your body is rotting away.
You thrive on raw meat.
You are immune to poison.
You have sharp fingernails.
You are carnivorous and can eat meat at any time.
Your flesh is cold resistant. (rC+)
You are immune to negative energy. (rN+++)
You do not regenerate when monsters are visible.
You are immune to unholy pain and torment.
You can survive without breathing.


Message History

You scratch something. Something hits you!
You closely miss something. The worker ant barely misses you.
Something hits you but does no damage.
You scratch something. The worker ant bites you.
You closely miss something.
The worker ant bites you but does no damage.
You hear some strange, mumbled words.
Something tries to affect you, but you resist.
You closely miss something. The worker ant barely misses you.
Something barely misses you.
You miss something. The worker ant bites you. x2
You miss something.
You hear some strange, mumbled words.
A magic dart appears from out of thin air!
The magic dart hits you!
* * * LOW HITPOINT WARNING * * *
The worker ant bites you.
* * * LOW HITPOINT WARNING * * *
You scratch something. Something hits you!
You die...

#### .?.# ...#
####...####
########..........
#.........@{......
#.######...a......
#.# ####.......
#.# ...##.. #.#
...# . #.#####
..... #..÷..#
..###. #####.# ..#
#.#


You could see a worker ant.

Vanquished Creatures
  An orc priest (D:3)
  An iguana (D:4)
  Terence (D:2)
  5 adders
  An ooze (D:2)
  2 worms (D:3)
  A dart slug (D:1)
  A leopard gecko (D:4)
  9 orcs (D:3)
  A ball python (D:3)
  3 bats
  3 giant cockroaches
  10 goblins
  6 hobgoblins
  A quokka (D:3)
  2 frilled lizards (D:1)
  5 kobolds
  5 rats
58 creatures vanquished.

Notes
Turn   | Place    | Note
-------+----------+-------------------------------------------
     0 | D:1      | Borgoz the Ghoul Gladiator began the quest for the Orb.
     0 | D:1      | Reached XP level 1. HP: 17/17 MP: 0/0
    49 | D:1      | Found a glowing golden altar of the Shining One.
    62 | D:1      | Reached XP level 2. HP: 24/25 MP: 1/1
   635 | D:2      | Noticed Terence
   644 | D:2      | Killed Terence
   644 | D:2      | Reached skill level 1 in Armour
   644 | D:2      | Reached skill level 1 in Spellcasting
   644 | D:2      | Reached XP level 3. HP: 22/30 MP: 1/3
   906 | D:2      | Reached XP level 4. HP: 37/37 MP: 4/4
  1052 | D:2      | Found a sparkling altar of Nemelex Xobeh.
  1629 | D:3      | Reached skill level 4 in Unarmed Combat
  1629 | D:3      | Reached XP level 5. HP: 42/45 MP: 6/6
  1815 | D:3      | Found a bloodstained altar of Trog.
  2259 | D:3      | Found an ancient bone altar of Kikubaaqudgha.
  2439 | D:4      | Noticed Sigmund
  2457 | D:4      | Slain by Sigmund

Vault maps used:
D:1:      dpeg_arrival_long_road, minmay_hexomino_r4
D:2:      nemelex_xobeh_ov_fountains_minmay, first_ration, uniq_terence
D:3:      kiku_gazebo_pond_becter, lemuel_round_altar, kennysheep_generic_room_7
D:4:      minmay_temple_entry_nine_rooms, serial_shops, shop, uniq_sigmund,
          uniq_duvessa, uniq_edmund

Skill      XL: |  1  2  3  4 |
---------------+-------------+-----
Armour         | 1 |  1.9
Dodging        | 3 |  3.5
Spellcasting   | 1 |  1.7
Fighting       | 3 |  3.4
Unarmed Combat | 4 |  4.2
Throwing       | |  1.7

Action                   |  1- 3 |  4- 6 || total
-------------------------+-------+-------++-------
Melee: Unarmed           |    68 |   136 ||   204
       Punch             |       |     2 ||     2
  Use: Potion            |       |     1 ||     1
  Eat: Chunk             |     3 |    18 ||    21
Armor: Leather armour    |    14 |     3 ||    17
       Ring mail         |       |    21 ||    21
Dodge: Dodged            |    37 |    69 ||   106

Table legend:
 A = Non-vault XP
 B = Vault XP
 C = Vault XP percentage of total XP
 D = Non-vault monster count
 E = Vault monster count
 F = Vault count percentage of total count
                 A         B        C        D         E       F
            +---------+---------+-------+---------+---------+-------
      Total |     245 |      47 |  16.1 |      50 |       8 |  13.8
            +---------+---------+-------+---------+---------+-------
        D:1 |      25 |       5 |  16.7 |      14 |       4 |  22.2
        D:2 |      60 |      36 |  37.5 |      11 |       1 |   8.3
        D:3 |     107 |       6 |   5.3 |      22 |       3 |  12.0
        D:4 |      53 |       0 |   0.0 |       3 |       0 |   0.0
            +---------+---------+-------+---------+---------+-------
